 Dungeon Crawl Stone Soup version 0.27-a0-1196-g3e9cee4cb2 (webtiles) character file.

Game seed: 3654725217858701926

70 pokeman the Magician (level 4, -1/25 HPs)
             Began as a Deep Elf Hedge Wizard on May 29, 2021.
             Slain by an orc wizard
             ... wielding a +0 dagger
              (3 damage)
             ... on level 2 of the Dungeon.
             The game lasted 00:04:46 (1967 turns).

pokeman the Magician (Deep Elf Hedge Wizard)        Turns: 1967, Time: 00:04:47

Health: -1/25      AC:  4    Str:  7    XL:     4   Next: 3%
Magic:  1/13       EV: 12    Int: 20    God:
Gold:   103        SH:  0    Dex: 14    Spells: 3/14 levels left

rFire    . . .     SeeInvis .   g - +0 trident
rCold    . . .     Faith    .   (no shield)
rNeg     . . .     Spirit   .   e - +0 leather armour
rPois    +         Reflect  .   c - +0 hat
rElec    .         Harm     .   f - +0 cloak
rCorr    .         Rampage  .   (no gloves)
Will     .....                  (no boots)
Stlth    ++........             (no amulet)
HPRegen  0.08/turn              j - ring of poison resistance
MPRegen  0.13/turn              (no ring)

@: no status effects
A: no striking features
a: no special abilities


You were on level 2 of the Dungeon.
You visited 1 branch of the dungeon, and saw 3 of its levels.

You collected 103 gold pieces.

Inventory:

Hand Weapons
 g - a +0 trident (weapon)
Missiles
 l - 22 arrows
Armour
 c - a +0 hat (worn)
 e - a +0 leather armour (worn)
 f - a +0 cloak (worn)
Jewellery
 j - a ring of poison resistance (left hand)
 k - a ring of flight
Scrolls
 a - a scroll of magic mapping {unknown}
 d - a scroll of identify {unknown}
 h - a scroll of immolation {unknown}
 i - a scroll of teleportation {unknown}
Potions
 b - a potion of heal wounds {unknown}


   Skills:
 - Level 1.1 Fighting
 - Level 1.0 Armour
 + Level 2.5 Dodging
 - Level 2.4 Stealth
 * Level 5.5 Spellcasting
 + Level 2.0 Conjurations
 - Level 1.1 Summonings
 - Level 1.1 Translocations
 + Level 0.2 Fire Magic


You had 3 spell levels left.
You knew the following spells:

 Your Spells              Type           Power      Damage    Failure   Level
a - Magic Dart            Conj           52%        1d5       7%          1
b - Mephitic Cloud        Conj/Pois/Air  8%         N/A       36%         3
c - Call Imp              Summ           9%         N/A       16%         2
d - Blink                 Tloc           N/A        N/A       16%         2
e - Conjure Flame         Conj/Fire      10%        6-21      30%         3

Your spell library contained the following spells:

 Spells                   Type           Power      Damage    Failure   Level
 Slow                     Hex            5%         N/A       24%         2


Dungeon Overview and Level Annotations

Branches:
Dungeon (3/15)

Altars:
Uskayaw


Message History

Press: ? - help, Shift-Dir - straight line, f - orc
Aim: an orc, wielding a +0 flail and wearing a +0 ring mail (chance to affect: 96%)
The ball explodes into a vile cloud!
The stinking cloud engulfs the orc but does no damage.
The stinking cloud engulfs something but does no damage.
The orc is engulfed in noxious fumes.
The orc appears confused.
Something is blocking the doorway!
The orc is engulfed in noxious fumes.
The orc appears confused.
Something hits you.
* * * LOW HITPOINT WARNING * * *
The orc is engulfed in noxious fumes.
The orc appears confused.
The orc barely misses something.
The orc hits itself with a +0 flail!
The orc is killed!
An orc wizard appears from thin air!
Reactivating autopickup.
Casting: Mephitic Cloud (extremely dangerous; 36% risk of failure)
Confirm with . or Enter, or press ? or * to list all spells.
Aiming: Magic Dart (safe; 7% risk of failure)
Press: ? - help, Shift-Dir - straight line, f - orc wizard
Aim: an orc wizard, wielding a +0 dagger and wearing a +0 robe (severely wounded, confused, 100% to hit)
The magic dart hits the orc wizard.
The orc wizard is severely wounded.
Reach: g) +0 trident
Press: ? - help, Dir - move target, f/p - orc wizard
Aim: an orc wizard, wielding a +0 dagger and wearing a +0 robe (severely wounded, confused, about 28% to evade your +0 trident)
You reach to attack!
You barely miss the orc wizard.
The orc wizard is severely wounded.
Reach: g) +0 trident
Press: ? - help, Dir - move target, f/p - orc wizard
Aim: an orc wizard, wielding a +0 dagger and wearing a +0 robe (severely wounded, confused, about 28% to evade your +0 trident)
You reach to attack!
You barely miss the orc wizard.
The orc wizard is severely wounded.
Unknown command.
Reach: g) +0 trident
Press: ? - help, Dir - move target, f/p - orc wizard
Aim: an orc wizard, wielding a +0 dagger and wearing a +0 robe (severely wounded, confused, about 28% to evade your +0 trident)
You hit the orc wizard but do no damage.
The orc wizard is severely wounded.
The orc wizard misses you.
The orc wizard hits you with a +0 dagger.
You die...

######## #......# #########
##.####.# ...##...#######..#.#..#
###
.............##...#.#.#########..
.............##..####.........#..
.............#................#..
.............+.o..............#..
......##.....#..@.............'..
....o.##....))............[...##.
##....##.....##+##'##.........#<.
.#....##........##..........#.#.#
.#....##..>.................+.#.#
...............######.......###.#
.......................#.)......#
.................................
.##.................>......#.....


You could see an orc wizard (confused).

Vanquished Creatures
  A gnoll (D:1)
  An adder (D:2)
  2 dart slugs (D:1)
  2 orcs (D:2)
  2 endoplasms (D:2)
  A giant cockroach (D:3)
  7 goblins
  5 hobgoblins (D:1)
  4 kobolds
  A quokka (D:1)
  9 ball pythons
  2 bats (D:1)
  4 frilled lizards
  3 rats
44 creatures vanquished.

Notes
Turn   | Place    | Note
-------+----------+-------------------------------------------
     0 | D:1      | pokeman the Deep Elf Hedge Wizard began the quest for the
                  | Orb.
     0 | D:1      | Reached XP level 1. HP: 10/10 MP: 7/7
   120 | D:1      | Reached XP level 2. HP: 10/16 MP: 2/9
   448 | D:1      | Reached skill level 5 in Spellcasting
   593 | D:1      | Reached XP level 3. HP: 20/20 MP: 9/11
   799 | D:1      | Learned a level 3 spell: Mephitic Cloud
   802 | D:1      | Learned a level 2 spell: Call Imp
   805 | D:1      | Learned a level 2 spell: Blink
   809 | D:1      | Learned a level 3 spell: Conjure Flame
  1041 | D:1      | Reached skill level 1 in Fighting
  1581 | D:2      | Found a hide-covered altar of Uskayaw.
  1590 | D:2      | Reached skill level 1 in Armour
  1955 | D:2      | Reached XP level 4. HP: 3/25 MP: 3/13
  1967 | D:2      | Slain by an orc wizard

Illustrated notes

Levels and vault maps discovered:
D:1:      saegor_arrival_simple_b, layout_basic, minivault_25, corner_web_ring
D:2:      layout_basic, basic_altar, minmay_misc_feat_tiny
D:3:      layout_basic, basic_ecumenical_altar

Skill      XL: |  1  2  3 |
---------------+----------+-----
Spellcasting   | 5 |  5.5
Fighting       | 1 |  1.1
Armour         | 1 |  1.0
Conjurations   | 2 |  2.0
Dodging        | |  2.5
Stealth        | |  2.4
Summonings     | |  1.1
Translocations | |  1.1
Fire Magic     | |  0.2

Action                   |  1- 3 |  4- 6 || total
-------------------------+-------+-------++-------
Melee: Trident           |    12 |     3 ||    15
 Cast: Magic Dart        |   114 |     1 ||   115
       Mephitic Cloud    |       |     1 ||     1
Armor: Robe              |     1 |       ||     1
       Leather armour    |     9 |       ||     9
Dodge: Dodged            |    14 |     1 ||    15

Table legend: (Time is in decaauts)
 A = Elapsed time spent in this place.
 B = Non-inter-level travel time spent in this place.
 C = Inter-level travel time spent in this place.
 D = Time resting spent in this place.
 E = Time spent auto-exploring this place.
 F = Levels seen in this place.
 G = Mean time per level.
                   A        B        C        D        E       F      G
               +--------+--------+--------+--------+--------+-----+--------+
         Total |   1970 |   1942 |     28 |     72 |   1571 |   3 |  656.7 |
       Dungeon |   1970 |   1942 |     28 |     72 |   1571 |   3 |  656.7 |
               +--------+--------+--------+--------+--------+-----+--------+

Top non-repeatable levels by time:
     D:1: 1335 daAuts
     D:2: 604 daAuts
     D:3: 30 daAuts
